AoeStats
← peakyfcknblinda

Arabia

509442936Analyzed
3v3 RM · 5d ago on Sep 26, 2026· 98m 37s· 6 players
Game mode
Random Map
Map size
Normal (6 player)
Population
200
Speed
Normal
Resources
Standard
Victory
Conquest
Starting age
Dark Age
Ending age
Imperial Age
RankedLock teamsTeams togetherTeam positionsShared explorationLock speedFull tech treeHidden civsTurbo modeCheats
Victory
Defeat
🇬🇧 Burgundians · United Kingdom
842
+14
🇮🇳 Japanese · India
755
+17
🇨🇴 Spanish · Colombia
754
+17
🇩🇪 Vietnamese · Germany
837
-48
🇩🇪 Slavs · Germany
784
-16
🇩🇪 Magyars · Germany
737
-14
Modnar350
3:44 Loom
11:20 Feudal Age
11:47 Horse Collar
11:58 Double-Bit Axe
13:48 Man-at-Arms
15:34 Scale Mail Armor
18:04 Wheelbarrow
17:15 Town Watch
24:56 Castle Age
22:54 Gold Mining
22:58 Stone Mining
27:34 Bow Saw
27:45 Heavy Plow
29:28 Chain Mail Armor
29:23 Forging
30:48 Fletching
31:18 Hand Cart
32:06 Caravan
31:36 Long Swordsman
32:17 Squires
31:38 Pikeman
36:12 Detinets
39:21 Imperial Age
40:34 Two-Handed Swordsman
40:34 Halberdier
42:36 Druzhina
43:00 Conscription
44:23 Two-Man Saw
43:59 Crop Rotation
46:42 Conscription
46:57 Hoardings
48:06 Chemistry
48:45 Champion
50:31 Plate Mail Armor
55:29 Masonry
94:56 Elite Boyar
peakyfcknblinda
15:07 Feudal Age
16:24 Wheelbarrow
15:37 Double-Bit Axe
15:40 Horse Collar
17:40 Bloodlines
18:48 Scale Barding Armor
22:49 Stone Mining
27:09 Castle Age
28:22 Hand Cart
28:10 Heavy Plow
28:22 Bow Saw
31:31 Pikeman
35:45 Corvinian Army
40:44 Coinage
40:14 Caravan
43:58 Imperial Age
43:26 Town Watch
43:26 Loom
44:04 Elite Magyar Huszar
45:56 Chain Barding Armor
46:15 Conscription
56:19 Two-Man Saw
55:52 Crop Rotation
56:31 Banking
83:15 Conscription
90:21 Heavy Cavalry Archer
91:28 Parthian Tactics
Jiji_the_Pider
15:48 Feudal Age
17:59 Wheelbarrow
17:07 Horse Collar
17:20 Gold Mining
20:35 Padded Archer Armor
24:45 Stone Mining
28:09 Castle Age
26:39 Fletching
27:00 Forging
28:15 Scale Mail Armor
30:44 Hand Cart
31:51 Double-Bit Axe
32:12 Heavy Plow
32:13 Crossbowman
35:02 Caravan
36:10 Stone Shaft Mining
35:50 Bow Saw
38:10 Iron Casting
37:51 Leather Archer Armor
37:32 Bodkin Arrow
38:00 Squires
37:49 Arson
38:19 Thumb Ring
42:21 Ballistics
42:14 Masonry
41:52 Treadmill Crane
45:05 Imperial Age
43:28 Elite Skirmisher
45:12 Imperial Skirmisher
45:13 Arbalester
49:04 Elite Rattan Archer
57:41 Hoardings
57:39 Paper Money
57:32 Heavy Cavalry Archer
62:37 Bracer
63:08 Ring Archer Armor
75:09 Chain Mail Armor
95:45 Town Watch
njr0210
10:05 Feudal Age
11:46 Loom
11:49 Horse Collar
19:36 Heavy Plow
21:05 Wheelbarrow
24:43 Castle Age
23:27 Fletching
23:51 Padded Archer Armor
25:05 Crossbowman
27:07 Scale Barding Armor
27:24 Squires
27:19 Double-Bit Axe
31:51 Bodkin Arrow
32:29 Crop Rotation
32:12 Husbandry
36:00 Forging
36:07 Bow Saw
36:47 Hand Cart
36:42 Cavalier
43:48 Imperial Age
41:39 Town Watch
43:49 Burgundian Vineyards
44:19 Pikeman
45:27 Chain Barding Armor
46:45 Conscription
46:16 Paladin
48:23 Bracer
48:39 Leather Archer Armor
47:51 Light Cavalry
49:11 Scale Mail Armor
49:57 Hoardings
50:43 Chemistry
50:05 Ballistics
50:57 Hussar
54:41 Halberdier
66:45 Iron Casting
66:28 Chain Mail Armor
73:23 Two-Man Saw
82:30 Plate Barding Armor
82:55 Blast Furnace
82:26 Plate Mail Armor
88:32 Arson
krodie1029
13:17 Feudal Age
15:08 Wheelbarrow
14:22 Horse Collar
14:29 Double-Bit Axe
17:14 Gold Mining
18:10 Bloodlines
21:14 Castle Age
20:34 Scale Mail Armor
20:42 Scale Barding Armor
20:47 Forging
22:02 Heavy Plow
22:03 Stone Mining
23:04 Husbandry
26:56 Pikeman
29:33 Chain Barding Armor
33:02 Iron Casting
39:47 Imperial Age
37:35 Caravan
37:59 Ballistics
39:27 Hand Cart
41:51 Murder Holes
43:45 Chemistry
43:35 Plate Barding Armor
44:01 Blast Furnace
42:50 Cavalier
56:38 Paladin
56:51 Elite Conquistador
57:52 Conscription
Kingsglaive9684
11:54 Feudal Age
15:17 Horse Collar
15:26 Double-Bit Axe
23:15 Wheelbarrow
22:35 Stone Mining
24:48 Town Watch
28:37 Padded Archer Armor
28:28 Fletching
37:37 Castle Age
36:50 Gold Mining
37:49 Crossbowman
39:40 Town Patrol
45:48 Leather Archer Armor
46:06 Caravan
52:05 Bodkin Arrow
53:29 Bow Saw
61:02 Fortified Wall
60:48 Murder Holes
62:44 Guard Tower
64:14 Masonry
65:13 Gold Shaft Mining
68:11 Imperial Age
68:52 Hand Cart
68:14 Arbalester
70:54 Ring Archer Armor
70:26 Bracer
71:16 Yasama
73:01 Capped Ram
75:09 Chemistry
77:28 Keep
76:40 Arrowslits
77:16 Ballistics
80:05 Thumb Ring
94:11 Cavalier
94:52 Husbandry
Connection lost

Rejoining the realm…

Still unreachable

The connection could not be restored.

Session expired

The server has moved on; the page needs a fresh start.